 Dungeon Crawl Stone Soup version 0.28-a0-1130-gc51a68064b (webtiles) character file.

Game seed: 16600840889894826660

2190 siradein the Skirmisher (level 9, -2/79 HPs)
             Began as a Minotaur Fighter on Dec 13, 2021.
             Killed from afar by an electric eel (10 damage)
             ... with a bolt of electricity
             ... on level 7 of the Dungeon.
             The game lasted 00:15:38 (8324 turns).

siradein the Skirmisher (Minotaur Fighter)          Turns: 8324, Time: 00:15:39

Health: -2/79      AC:  9    Str: 23    XL:     9   Next: 12%
Magic:  17/17      EV: 13    Int:  5    God:
Gold:   339        SH:  5    Dex: 12    Spells: 8/8 levels left

rFire   + + .      SeeInvis .   s - +0 hunting sling (freeze)
rCold   . . .      Faith    .   c - +0 buckler
rNeg    . . .      Spirit   .   F - +1 ring mail {rF+}
rPois   .          Reflect  .   (helmet restricted)
rElec   .          Harm     .   (no cloak)
rCorr   .          Rampage  .   (no gloves)
Will    .....                   v - +0 pair of boots
Stlth   +.........              (no amulet)
HPRegen 0.23/turn               p - ring of protection from fire
MPRegen 0.15/turn               C - ring of magical power

@: no status effects
A: horns 2, retaliatory headbutt
a: no special abilities


You were on level 7 of the Dungeon.
You visited 1 branch of the dungeon, and saw 7 of its levels.

You collected 339 gold pieces.

Inventory:

Hand Weapons
 a - a +0 long sword
 s - a +0 hunting sling of freezing (weapon)
Missiles
 t - 113 stones (quivered ammo)
 w - 2 javelins
 A - 17 sling bullets
 H - a throwing net
Armour
 c - a +0 buckler (worn)
 v - a +0 pair of boots (worn)
 F - a +1 ring mail of fire resistance (worn)
Jewellery
 b - a ring of fire
 p - a ring of protection from fire (left hand)
 C - a ring of magical power (right hand)
Wands
 u - a wand of polymorph (7)
 D - a wand of iceblast (27)
Scrolls
 e - a scroll of vulnerability {unknown}
 f - a scroll of fog {unknown}
 i - 3 scrolls of teleportation {unknown}
 k - a scroll of identify {unknown}
 m - a scroll of enchant armour {unknown}
 r - a scroll of immolation {unknown}
 x - a scroll of blinking {unknown}
 y - 2 scrolls of fear {unknown}
 z - a scroll of magic mapping {unknown}
 I - a scroll of noise {unknown}
Potions
 d - 2 potions of might
 g - 2 potions of flight {unknown}
 h - 3 potions of curing {unknown}
 j - a potion of haste {unknown}
 l - a potion of berserk rage {unknown}
 n - a potion of mutation {unknown}
 o - a potion of attraction {unknown}
 q - a potion of resistance {unknown}
 B - a potion of lignification {unknown}
 E - a potion of cancellation {unknown}
 G - a potion of heal wounds {unknown}


   Skills:
 + Level 7.5 Fighting
 + Level 6.8 Long Blades
 + Level 7.4 Armour
 + Level 5.7 Dodging
 + Level 7.4 Shields


You had 8 spell levels left.
You didn't know any spells.
Your spell library contained the following spells:

 Spells                   Type           Power      Damage    Failure   Level
 Beastly Appendage        Tmut           0%         N/A       61%         1
 Foxfire                  Conj/Fire      0%         2x1d4     61%         1
 Magic Dart               Conj           0%         1d3       61%         1
 Call Imp                 Summ           0%         N/A       75%         2
 Scorch                   Fire           0%         2d5       75%         2
 Static Discharge         Conj/Air       0%         N/A       75%         2
 Conjure Flame            Conj/Fire      0%         6-21      93%         3
 Inner Flame              Hex/Fire       0%         N/A       93%         3
 Mephitic Cloud           Conj/Pois/Air  0%         N/A       93%         3
 Flame Wave               Conj/Fire      0%         2d4       100%        4
 Sticky Flame             Conj/Fire      0%         2d3       100%        4
 Lightning Bolt           Conj/Air       0%         1d11      100%        5
 Maxwell's Capacitive Co  Air            0%         ∞         100%        8


Dungeon Overview and Level Annotations

Branches:
Dungeon (7/15)
 Temple: D:4-7

Altars:

Shops:
D:6 ([:(=


Innate Abilities, Weirdness & Mutations

You have a pair of horns on your head.
You reflexively headbutt those who attack you in melee.


Message History

The electric eel is almost dead.
You hear a splash.
Fire: 117 stones
Press: ? - help, Q - select action, (/) - cycle Shift-Dir - straight line, f/p - electric eel
Aim: an electric eel (almost dead, slow, 42% to hit)
You shoot a stone.
The stone barely misses the electric eel.
You hear a splash.
The electric eel shoots out a bolt of lightning at you!
The bolt of electricity hits the electric eel.
The electric eel completely resists.
The bolt of electricity hits you!
Fire: 116 stones
Press: ? - help, Q - select action, (/) - cycle Shift-Dir - straight line, f/p - electric eel
Aim: an electric eel (almost dead, slow, 42% to hit)
You shoot a stone.
The stone hits the electric eel but does no damage.
The electric eel is almost dead.
You hear a splash.
The electric eel is no longer moving slowly.
The electric eel shoots out a bolt of lightning at you!
The bolt of electricity hits you!
* * * LOW HITPOINT WARNING * * *
Fire: 115 stones
Press: ? - help, Q - select action, (/) - cycle Shift-Dir - straight line, f/p - electric eel
Aim: an electric eel (almost dead, 42% to hit)
You shoot a stone.
The stone completely misses the electric eel.
You hear a splash.
Fire: 114 stones
Press: ? - help, Q - select action, (/) - cycle Shift-Dir - straight line, f/p - electric eel
Aim: an electric eel (almost dead, 42% to hit)
You shoot a stone.
The stone barely misses the electric eel.
The electric eel shoots out a bolt of lightning at you!
The bolt of electricity hits the electric eel.
The electric eel completely resists.
The bolt of electricity hits you!
* * * LOW HITPOINT WARNING * * *
The electric eel shoots out a bolt of lightning at you!
The bolt of electricity hits you!
You die...

#≈P≈≈≈≈≈P #P≈≈≈(≈≈≈
#≈≈≈((≈P≈ #≈≈(((≈≈P
#S((≈≈≈≈≈ ####
###S≈.P...P
####..###..........
##.......#..........
##........@...##....#
##.............##.......
#.......................
###.....#....#.#........
#.#...#.#..#####......
####..##....# ##.......
#.##..####### #........
##....#.# #####........
##.......####.##.........


You could see 2 electric eels.

Vanquished Creatures
  Joseph (D:7)
  A water moccasin (D:6)
  A black bear (D:6)
  2 sky beasts
  An ice beast (D:5)
  A necrophage (D:6)
  An ogre (D:4)
  A centaur (D:5)
  A bullfrog (D:6)
  A scorpion (D:5)
  4 killer bees (D:7)
  3 electric eels (D:7)
  3 jellies (D:6)
  3 hounds
  3 centaur skeletons
  2 orc priests (D:6)
  A bullfrog skeleton (D:2)
  Jessica (D:3)
  3 iguanas
  4 orc wizards
  A howler monkey skeleton (D:5)
  6 adders
  3 gnolls
  2 white imps (D:6)
  An adder skeleton (D:4)
  A worm (D:2)
  2 dart slugs
  13 orcs
  11 ball pythons
  3 bats
  8 endoplasms
  5 giant cockroaches
  4 goblins
  5 hobgoblins
  3 jackals (D:4)
  3 quokkas
  A frilled lizard (D:1)
  7 kobolds
117 creatures vanquished.

Vanquished Creatures (others)
  A fungus (D:5)
  3 plants (D:7)
  4 toadstools (D:5)
8 creatures vanquished.

Grand Total: 125 creatures vanquished

Notes
Turn   | Place    | Note
-------+----------+-------------------------------------------
     0 | D:1      | siradein the Minotaur Fighter began the quest for the Orb.
     0 | D:1      | Reached XP level 1. HP: 19/19 MP: 0/0
   210 | D:1      | Reached XP level 2. HP: 20/20 MP: 1/1
   675 | D:2      | Reached skill level 1 in Dodging
   675 | D:2      | Reached XP level 3. HP: 21/33 MP: 2/2
  1109 | D:2      | Reached XP level 4. HP: 40/40 MP: 3/3
  1395 | D:3      | Noticed Jessica
  1400 | D:3      | Killed Jessica
  1676 | D:3      | Found a faded altar of an unknown god.
  2212 | D:4      | Reached XP level 5. HP: 47/47 MP: 4/4
  2309 | D:4      | Noticed an ogre
  2317 | D:4      | Killed an ogre
  2362 | D:4      | Got the Guide on Shifting Flames
  2411 | D:4      | You fall into a shaft and drop 2 floors!
  2417 | D:6      | Found Oserouf's Book Shop.
  2426 | D:5      | Entered Level 5 of the Dungeon
  2437 | D:5      | Reached XP level 6. HP: 53/55 MP: 5/5
  2450 | D:5      | Noticed a sky beast
  2460 | D:5      | Killed a sky beast
  2461 | D:5      | Reached skill level 5 in Fighting
  2461 | D:5      | Reached skill level 5 in Armour
  2461 | D:5      | Reached skill level 5 in Shields
  2827 | D:4      | Reached XP level 7. HP: 59/61 MP: 6/6
  3979 | D:5      | Reached skill level 5 in Long Blades
  4315 | D:6      | Found Setyeturu's Jewellery Shoppe.
  4504 | D:6      | Found Ytauqec's Antique Weapon Boutique.
  4659 | D:6      | Reached XP level 8. HP: 62/70 MP: 7/7
  4761 | D:6      | Found Syxtet's Armour Shoppe.
  5682 | D:6      | Found Nosemaeg's Weapon Boutique.
  6292 | D:6      | Reached skill level 5 in Dodging
  6361 | D:7      | Noticed Joseph
  6376 | D:7      | Killed Joseph
  6597 | D:7      | Reached XP level 9. HP: 60/79 MP: 8/8
  8324 | D:7      | Killed from afar by an electric eel

Illustrated notes

Levels and vault maps discovered:
D:1:      roderic_dead_forest, layout_basic, st_stairs_3
D:2:      layout_basic, minmay_split_cup_large
D:3:      layout_basic, ebering_ecumenical_altar_mist, uniq_jessica
D:4:      layout_cave_pods, dk_noncrumbling_3, minmay_misc_feat_hallway
D:5:      layout_loops_cross, hangedman_decor_growths, minmay_gold_behind_fungi,
          grunt_ministairs_13, minmay_misc_feat_square
D:6:      layout_loops_cross, serial_shops, nicolae_stop_n_shop_2,
          nicolae_lakefront_shop, nicolae_shop_hallway_stairs, shop,
          nicolae_stop_n_shop_2
D:7:      layout_cave_pools, temple_green, serial_bayou, serial_bayou_pond_a,
          serial_bayou_lagoon_a, serial_bayou_shore_a, serial_bayou_pond_e,
          serial_bayou_pond_c, serial_bayou_pond_c,
          hangedman_decor_clover_reticule, uniq_joseph

Skill      XL: |  1  2  3  4  5  6  7  8 |
---------------+-------------------------+-----
Fighting       | 4 5 6 7 |  7.5
Long Blades    | 3 4 5 6 |  6.8
Armour         | 4 5 6 7 |  7.4
Dodging        | 1 2 3 4 5 |  5.7
Shields        | 4 5 6 7 |  7.4

Action                   |  1- 3 |  4- 6 |  7- 9 || total
-------------------------+-------+-------+-------++-------
Melee: Long sword        |    52 |   127 |   154 ||   333
       Headbutt          |     9 |    21 |    34 ||    64
 Fire: Hunting sling     |       |     4 |    67 ||    71
Throw: Throwing net      |       |       |     1 ||     1
Armor: Chain mail        |    27 |    67 |    23 ||   117
       Scale mail        |     2 |       |       ||     2
       Ring mail         |       |       |    45 ||    45
Dodge: Dodged            |    24 |    59 |    77 ||   160
Block: Buckler           |    11 |    33 |    47 ||    91

Table legend: (Time is in decaauts)
 A = Elapsed time spent in this place.
 B = Non-inter-level travel time spent in this place.
 C = Inter-level travel time spent in this place.
 D = Time resting spent in this place.
 E = Time spent auto-exploring this place.
 F = Levels seen in this place.
 G = Mean time per level.
                   A        B        C        D        E       F      G
               +--------+--------+--------+--------+--------+-----+--------+
         Total |   8400 |   8258 |    142 |   2216 |   4814 |   7 | 1200.0 |
       Dungeon |   8400 |   8258 |    142 |   2216 |   4814 |   7 | 1200.0 |
               +--------+--------+--------+--------+--------+-----+--------+

Top non-repeatable levels by time:
     D:7: 2087 daAuts
     D:6: 1771 daAuts
     D:5: 1274 daAuts
     D:4: 1050 daAuts
     D:3: 1007 daAuts
     D:2: 705 daAuts
     D:1: 505 daAuts
